 Dungeon Crawl Stone Soup version 0.18.1-48-g4cf74bf (webtiles) character file.

28 Gargoyl the Skirmisher (level 3, 0/29 HPs)
             Began as a Demonspawn Abyssal Knight on Sept 2, 2016.
             Was a Follower of Lugonu.
             Killed from afar by a dart slug (2 damage)
             ... with a slug dart
             ... on level 2 of the Dungeon.
             The game lasted 00:01:55 (1488 turns).

Gargoyl the Skirmisher (Demonspawn Abyssal Knight)  Turns: 1488, Time: 00:01:55

Health: 0/29       AC:  3    Str: 13    XL:     3   Next: 0%
Magic:  4/4        EV: 11    Int: 13    God:    Lugonu [*.....]
Gold:   76         SH:  0    Dex: 12    Spells: 0 memorised, 2 levels left

rFire  . . .     SeeInvis .     a - +1 hand axe
rCold  . . .     Gourm    .     b - +0 leather armour
rNeg   . . .     Faith    .     (no shield)
rPois  .         Spirit   .     (helmet restricted)
rElec  .         Dismiss  .     (no cloak)
rCorr  .         Reflect  .     (no gloves)
SustAt .         Harm     .     (no boots)
MR     .....                    (no amulet)
Stlth  +.........               (no ring)
                                (no ring)

@: exhausted, not resistant to hostile enchantments, very unstealthy
A: antennae 1, sturdy frame 1
a: Depart the Abyss, Renounce Religion


You were on level 2 of the Dungeon.
You worshipped Lugonu.
Lugonu was aware of your devotion.
You were near starving.

You visited 1 branch of the dungeon, and saw 2 of its levels.
You visited the Abyss 1 time.

You collected 76 gold pieces.

Inventory:

Hand Weapons
 a - a +1 hand axe (weapon)
Armour
 b - a +0 leather armour (worn)
Wands
 e - a wand of flame (9/48)
Scrolls
 f - 2 scrolls of noise {unknown}
 g - a scroll of enchant armour {unknown}
 i - a scroll of teleportation {unknown}
 j - a scroll of identify {unknown}
 k - a scroll of enchant weapon {unknown}
 l - a scroll of blinking {unknown}
 n - 3 scrolls of fear {unknown}
Comestibles
 c - a bread ration
 h - a meat ration


   Skills:
 + Level 3.5 Fighting
 + Level 2.0 Axes
 + Level 2.1 Armour
 + Level 1.1 Dodging
 + Level 2.6 Invocations


You had 2 spell levels left.
You didn't know any spells.

Dungeon Overview and Level Annotations

Branches:
Dungeon (2/15)

Altars:


Innate Abilities, Weirdness & Mutations

You have a pair of small antennae on your head.
Your movements are slightly less encumbered by armour (ER -2).


Message History

You barely miss the giant gecko.
The giant gecko is heavily wounded.
You hit the kobold.
You kill the kobold!
Lugonu accepts your kill. The giant gecko closely misses you.
The dart slug launches a dart at you. The slug dart misses you.
The slug dart hits the giant gecko.
The giant gecko dies!
You have reached level 3!
Your experience leads to an increase in your attributes!
Increase (S)trength, (I)ntelligence, or (D)exterity?
You feel stronger.
Your demonic ancestry asserts itself...
You feel less encumbered by your armour.
The dart slug launches a dart at you. The slug dart hits you!
* * * LOW HITPOINT WARNING * * *
The dart slug launches a dart at you. The slug dart hits you!
You die...

#.#########..#
######.#########..##
#......##..........#
#.#####.......##.### #.#
#.#.....##.#
#.#####.#........###.#
#.............##.....#
###########.....#w#####
#<........@.....w.)...#
#......#)###......####.#
#.######.###.###.....#.#
#..........#......##.#.#
.[ ############..#.###
#w####. ...#. #....#.
##.## ####.#. .# #.# #.#


You could see a worm and a dart slug.

Vanquished Creatures
  A giant cockroach (D:1)
  5 hobgoblins (D:1)
  2 jackals (D:2)
  A quokka (D:2)
  3 bats
  2 giant newts (D:1)
  4 goblins
  4 kobolds
  3 rats
25 creatures vanquished.

Vanquished Creatures (others)
  A giant gecko (D:2)
1 creature vanquished.

Grand Total: 26 creatures vanquished

Notes
Turn   | Place    | Note
--------------------------------------------------------------
     0 | Abyss:1  | Gargoyl the Demonspawn Abyssal Knight began the quest for the Orb.
     0 | Abyss:1  | Reached XP level 1. HP: 18/18 MP: 2/2
    51 | Abyss:2  | Noticed a small abomination
    52 | D:1      | Escaped the Abyss
   451 | D:1      | Reached * piety under Lugonu
   703 | D:1      | Reached skill level 1 in Dodging
   707 | D:1      | Gained mutation: You have a pair of small antennae on your head. [demonic ancestry]
   707 | D:1      | Reached XP level 2. HP: 24/24 MP: 3/3
  1481 | D:2      | Gained mutation: Your movements are slightly less encumbered by armour (ER -2). [demonic ancestry]
  1481 | D:2      | Reached XP level 3. HP: 2/29 MP: 4/4
  1488 | D:2      | Killed from afar by a dart slug

Skill      XL: |  1  2 |
---------------+-------+-----
Armour         | 2 |  2.1
Dodging        | 1 |  1.1
Axes           | 2 |  2.0
Fighting       | |  3.5
Invocations    | |  2.6

Action                   || total
-------------------------++-------
Melee: Hand axe          ||    76
Invok: Depart the Abyss  ||     1
  Use: Potion            ||     2
  Eat: Chunk             ||     1
Armor: Leather armour    ||    24
Dodge: Dodged            ||    67
